 Dungeon Crawl Stone Soup version 0.24.0-125-gc4c63601f3 (webtiles) character file.

Game seed: 3851773578541909580, levelgen mode: deterministic

8166 Ereth the Carver (level 11, -1/94 HPs)
             Began as a Yellow Draconian Abyssal Knight on Feb 25, 2020.
             Was an Elder of Lugonu.
             Slain by a 16-headed hydra (5 damage)
             ... on level 10 of the Dungeon.
             The game lasted 00:36:24 (12491 turns).

Ereth the Carver (Yellow Draconian Abyssal Knight) Turns: 12491, Time: 00:36:25

Health: -1/94      AC: 10    Str: 17    XL:     11   Next: 6%
Magic:  14/14      EV: 14    Int: 12    God:    Lugonu [****..]
Gold:   700        SH: 11    Dex: 12    Spells: 10/10 levels left

rFire    + . .     SeeInvis +   a - +4 falchion
rCold    x . .     Gourm    .   q - +1 shield
rNeg     . . .     Faith    .   (armour unavailable)
rPois    .         Spirit   .   (helmet restricted)
rElec    .         Reflect  .   B - +0 cloak
rCorr    +         Harm     .   H - +0 pair of gloves
MR       .....                  l - +0 pair of boots
Stlth    ++........             n - amulet of regeneration
HPRegen  0.65/turn              g - ring of see invisible
MPRegen  0.14/turn              h - ring of fire

@: no status effects
A: spit acid, unfitting armour, cold-blooded, acid resistance, AC +7
a: Breathe Acid, Depart the Abyss, Bend Space, Banish, Corrupt, Renounce
Religion


You were on level 10 of the Dungeon.
You worshipped Lugonu.
Lugonu was greatly pleased with you.
You were not hungry.

You visited 2 branches of the dungeon, and saw 13 of its levels.
You visited the Abyss 1 time.

You collected 700 gold pieces.

Inventory:

Hand Weapons
 a - a +4 falchion (weapon)
 j - a +0 falchion
Armour
 l - a +0 pair of boots (worn)
 q - a +1 shield (worn)
 B - a +0 cloak (worn)
 H - a +0 pair of gloves (worn)
Jewellery
 g - a ring of see invisible (left hand)
 h - a ring of fire (right hand)
 n - an amulet of regeneration (around neck)
 y - an uncursed amulet of guardian spirit
 F - an uncursed ring of wizardry
Wands
 o - a wand of scattershot (6)
 t - a wand of paralysis (3)
 v - a wand of flame (62)
 A - a wand of iceblast (8)
Scrolls
 i - 7 scrolls of remove curse
 k - 5 scrolls of teleportation
 m - a scroll of blinking
 u - 3 scrolls of fog
 D - a scroll of enchant weapon
 E - 2 scrolls of amnesia
 I - a scroll of magic mapping {unknown}
Potions
 c - 5 potions of might
 d - 7 potions of curing
 e - 2 potions of heal wounds
 f - a potion of mutation
 p - 2 potions of flight {unknown}
 r - 2 potions of berserk rage {unknown}
 s - 2 potions of brilliance {unknown}
 w - a potion of magic {unknown}
 x - 3 potions of haste {unknown}
 z - a potion of degeneration {unknown}
 C - a potion of cancellation {unknown}
Comestibles
 b - 19 rations
 G - 12 chunks of flesh


   Skills:
 + Level 8.0 Fighting
 + Level 10.4 Long Blades
 + Level 7.7 Dodging
 + Level 4.0 Stealth
 + Level 7.1 Shields
 + Level 4.2 Invocations


You had 10 spell levels left.
You didn't know any spells.
Your spell library was empty.

Dungeon Overview and Level Annotations

Branches:
Dungeon (12/15)            Temple (1/1) D:4             Orc (0/2) D:9
   Lair: D:8-11

Altars:
Ashenzari
Cheibriados
Dithmenos
Elyvilon
Fedhas
Gozag
Hepliaklqana
Kikubaaqudgha
Makhleb
Nemelex Xobeh
Okawaru
Qazlal
Ru
Sif Muna
Trog
Uskayaw
Vehumet
Wu Jian
Xom
Yredelemnul
Zin
The Shining One

Shops:
D:10 (

Annotations:
D:8 corrupted, 1 runed translucent door, MisterT's ghost, novice HOFi
D:9 1 runed translucent door, LobsterGuardian's ghost, novice OpAs
D:10 3 runed translucent doors, GreydMiyu's ghost, journeyman HuFE; Zawivad's ghost, journeyman HuWz; jazmu's ghost, novice FoAs
D:11 Fannar


Innate Abilities, Weirdness & Mutations

You can spit globs of acid.
Your golden yellow scales are hard. (AC +7)
You cannot fit into any form of body armour.
You are cold-blooded and may be slowed by cold attacks.
You are resistant to acid. (rCorr)


Message History

You lop one of the 14-headed hydra's heads off!
The 13-headed hydra grows two more!
You slash the 15-headed hydra!
The 15-headed hydra is moderately wounded.
The big kobold barely misses you.
The helpless 15-headed hydra fails to defend itself.
You lop one of the 15-headed hydra's heads off!
The 14-headed hydra grows two more!
You hit the 16-headed hydra.
The 16-headed hydra is moderately wounded.
The 16-headed hydra is no longer paralysed.
You block the 16-headed hydra's attack. The 16-headed hydra barely misses you.
The 16-headed hydra bites you but does no damage.
You block the 16-headed hydra's attack. The 16-headed hydra bites you!
The 16-headed hydra bites you. The 16-headed hydra barely misses you.
The 16-headed hydra bites you! The 16-headed hydra bites you. x2
The 16-headed hydra bites you!
* * * LOW HITPOINT WARNING * * *
The 16-headed hydra barely misses you. The 16-headed hydra bites you!
* * * LOW HITPOINT WARNING * * *
The 16-headed hydra barely misses you. The 16-headed hydra bites you.
You die...

...#...#.####....#...#......##...
...##'##.#.......#...#......#....
.........#.......#...#......#....
######...#.......#...#......#....
.....'...#.......##'##......#....
.....#.###..............)...#....
.....#.#....................#....
.....#.#......<..K..........#....
.....#.#........@D.........##....
.....'.#...###########.....#.....
######.#...# #.....#.....
.......#...# #K....#.....
.......#..K# #.....#.....
.......#...# #.....'.....
.......#...###########.....#.....
#####..#...........K.....(.#....#
....#..#.........<.........#....#


You could see a 16-headed hydra and a big kobold.

Vanquished Creatures
  2 two-headed ogres
  2 unseen horrors
  A centaur skeleton (D:10)
  A troll (D:10)
  2 dream sheep (D:10)
  2 yaks (D:10)
  A steam dragon (D:9)
  A hungry ghost (D:10)
  A black bear (D:10)
  4 orc warriors (D:9)
  3 ice beasts
  2 phantoms (D:10)
  3 centaurs
  8 ogres
  3 bullfrogs
  3 big kobolds
  4 scorpions
  6 howler monkeys
  5 crimson imps
  A bullfrog zombie (D:5)
  2 bullfrog skeletons
  2 centaur zombies
  7 hounds
  A jelly (D:8)
  11 orc wizards
  4 orc priests
  4 iguanas
  13 worker ants
  A hound skeleton (D:8)
  11 adders
  5 shadow imps
  2 oozes
  An adder skeleton (D:4)
  2 worms (D:5)
  2 dart slugs
  8 leopard geckos
  35 orcs
  10 bats
  9 giant cockroaches
  8 goblins
  12 hobgoblins
  7 jackals (D:9)
  4 quokkas
  2 ball pythons
  3 frilled lizards
  7 kobolds
  5 rats
233 creatures vanquished.

Vanquished Creatures (others)
  Maurice (D:8)
  An orc warrior (D:5)
  A sky beast (D:8)
  A leopard gecko (D:8)
4 creatures vanquished.

Grand Total: 237 creatures vanquished

Notes
Turn   | Place    | Note
-------+----------+-------------------------------------------
     0 | Abyss:1  | Ereth the Draconian Abyssal Knight began the quest for the
                  | Orb.
     0 | Abyss:1  | Reached XP level 1. HP: 19/19 MP: 2/2
     6 | Abyss:1  | Found a corrupted altar of Lugonu.
     7 | D:1      | Escaped the Abyss
    11 | D:1      | Noticed a minotaur skeleton
    20 | D:1      | Noticed a minotaur skeleton
    53 | D:1      | Reached * piety under Lugonu
   265 | D:1      | Reached XP level 2. HP: 23/26 MP: 3/3
   901 | D:1      | Reached XP level 3. HP: 33/33 MP: 4/4
  1209 | D:2      | Reached ** piety under Lugonu
  1490 | D:2      | Reached skill level 3 in Long Blades
  1826 | D:3      | Reached XP level 4. HP: 38/40 MP: 5/5
  2982 | D:4      | Reached XP level 5. HP: 39/47 MP: 6/6
  2990 | D:4      | Reached skill level 4 in Long Blades
  2990 | D:4      | Reached skill level 1 in Stealth
  3653 | D:4      | Reached XP level 6. HP: 31/53 MP: 7/7
  4133 | D:3      | Reached skill level 5 in Long Blades
  4351 | D:3      | Reached skill level 1 in Shields
  4474 | D:4      | Your scales start taking on a golden yellow colour.
  4474 | D:4      | Reached XP level 7. HP: 32/60 MP: 8/8
  4474 | D:4      | Gained mutation: You are resistant to acid. (rCorr) [Yellow
                  | Draconian growth]
  4886 | D:4      | Reached skill level 5 in Fighting
  5131 | D:4      | Found a staircase to the Ecumenical Temple.
  5137 | Temple   | Entered the Ecumenical Temple
  5322 | D:5      | Entered Level 5 of the Dungeon
  5789 | D:4      | Reached skill level 6 in Long Blades
  5820 | D:3      | HP: 3/61 [poisoned by a worker ant]
  5826 | D:3      | HP: 3/61 [poisoned by a worker ant]
  5834 | D:3      | HP: 2/61 [poisoned by a worker ant]
  6370 | D:5      | Reached *** piety under Lugonu
  6557 | D:5      | Reached XP level 8. HP: 69/69 MP: 9/9
  7112 | D:6      | Found a white marble altar of Elyvilon.
  7749 | D:6      | Reached skill level 5 in Dodging
  8014 | D:6      | Reached skill level 7 in Long Blades
  8298 | D:7      | Reached XP level 9. HP: 74/75 MP: 11/11
  8314 | D:7      | Reached **** piety under Lugonu
  9113 | D:8      | Noticed Maurice
  9116 | D:8      | Corrupted D:8
  9116 | D:8      | Noticed a tentacled starspawn
  9116 | D:8      | Noticed a thrashing horror
  9116 | D:8      | Noticed a thrashing horror
  9116 | D:8      | Noticed an apocalypse crab
  9116 | D:8      | Noticed a smoke demon
  9116 | D:8      | Noticed a phantasmal warrior
  9116 | D:8      | Noticed a large abomination
  9116 | D:8      | Noticed a spatial maelstrom
  9117 | D:8      | Noticed an apocalypse crab
  9121 | D:8      | Noticed an efreet
  9123 | D:8      | Killed Maurice
  9169 | D:8      | Noticed a large abomination
  9299 | D:8      | Reached skill level 8 in Long Blades
  9753 | D:8      | Reached skill level 5 in Shields
  9757 | D:8      | Found a runed translucent door.
  9758 | D:8      | Noticed MisterT's ghost (novice HOFi)
 10031 | D:9      | Noticed a two-headed ogre
 10149 | D:9      | Killed a two-headed ogre
 10246 | D:9      | Found a staircase to the Orcish Mines.
 10381 | D:8      | Reached XP level 10. HP: 70/84 MP: 12/12
 10495 | D:9      | Noticed an unseen horror
 10526 | D:9      | Killed an unseen horror
 10526 | D:9      | Reached skill level 9 in Long Blades
 10943 | D:9      | Found a runed translucent door.
 10944 | D:9      | Noticed LobsterGuardian's ghost (novice OpAs)
 11221 | D:10     | Entered Level 10 of the Dungeon
 11337 | D:10     | Found a runed translucent gate.
 11337 | D:10     | Found a runed translucent gate.
 11337 | D:10     | Found a runed translucent gate.
 11337 | D:10     | Noticed jazmu's ghost (novice FoAs)
 11337 | D:10     | Noticed Zawivad's ghost (journeyman HuWz)
 11338 | D:10     | Noticed GreydMiyu's ghost (journeyman HuFE)
 11369 | D:10     | Found a flagged portal.
 11505 | D:10     | Noticed an unseen horror
 11527 | D:10     | Killed an unseen horror
 11527 | D:10     | Reached skill level 10 in Long Blades
 11781 | D:10     | You fall into a shaft and drop 2 floors!
 11853 | D:12     | Paralysed by a hornet for 1 turns
 11855 | D:12     | Noticed a gargoyle
 11862 | D:12     | Noticed a brown ugly thing
 11869 | D:12     | Noticed a two-headed ogre
 11881 | D:11     | Noticed Fannar
 11881 | D:11     | Noticed a gargoyle
 12180 | D:10     | Noticed a two-headed ogre
 12190 | D:10     | Killed a two-headed ogre
 12206 | D:10     | Found Gucug's Weapon Boutique.
 12334 | D:10     | Reached XP level 11. HP: 79/94 MP: 14/14
 12389 | D:10     | Noticed a three-headed hydra
 12491 | D:10     | HP: 4/94 [16-headed hydra (17)]
 12491 | D:10     | Slain by a 16-headed hydra

Levels and vault maps discovered:
D:1:      shiori_arrival_whats_in_store_for_you, layout_basic
D:2:      layout_loops_cross
D:3:      layout_basic, first_ration
D:4:      layout_rooms, minmay_temple_entry_fiery
D:5:      layout_cave_pools, minmay_diced_spiral
D:6:      layout_loops_ring, elyvilon_altar_5
D:7:      layout_gridville, minivault_26
D:8:      layout_cave_pods, gammafunk_ghost_grave, uniq_maurice
D:9:      layout_loops_ring, david_orc_1_choice, ebering_ghost_reflecting_pool
D:10:     layout_irregular_city, enter_bailey_6, serial_shops, shop,
          gammafunk_ghost_cemetery, hangedman_ranch [blue_anna_fruit_fields]
D:11:     layout_long_grid, lair_entry_dummy, serial_glass, glass_columns_a,
          glass_columns_b, serial_bayou_pond_e, uniq_fannar
D:12:     layout_cave_pools, serial_ice, serial_ice_g, serial_ice_k,
          serial_ice_a, serial_ice_c, portal_ice_cave_demonic_guard,
          grunt_qazlal_clouds
Temple:   kilobyte_greek_temple

Skill      XL: |  1  2  3  4  5  6  7  8  9 10 11 |
---------------+----------------------------------+-----
Fighting       | 4 5 6 7 8 |  8.0
Long Blades    | 3 4 5 6 7 8 10 | 10.4
Stealth        | 1 2 3 4 |  4.0
Dodging        | 3 4 5 6 7 |  7.7
Shields        | 1 2 4 5 7 |  7.1
Invocations    | 3 4 |  4.2

Action                   |  1- 3 |  4- 6 |  7- 9 | 10-12 || total
-------------------------+-------+-------+-------+-------++-------
Melee: Falchion          |   130 |   197 |   499 |   280 ||  1106
       Tailslap          |    14 |    29 |    84 |    63 ||   190
Invok: Depart the Abyss  |     1 |       |       |       ||     1
       Bend Space        |     1 |     1 |    10 |     3 ||    15
       Banish            |       |       |     2 |       ||     2
       Corrupt           |       |       |     1 |       ||     1
 Abil: Breathe Acid      |       |       |     7 |     6 ||    13
Evoke: Wand              |       |       |       |     1 ||     1
  Use: Scroll            |       |     7 |     7 |     4 ||    18
       Potion            |       |     1 |       |       ||     1
 Stab: Sleeping          |     1 |     1 |     3 |     2 ||     7
       Paralysed         |       |       |       |    13 ||    13
  Eat: Chunk             |     3 |     5 |     8 |     6 ||    22
       Ration            |       |     1 |     4 |     2 ||     7
Armor: Skin              |    43 |    52 |   150 |    74 ||   319
Dodge: Dodged            |    97 |   119 |   252 |   157 ||   625
Block: Shield            |       |    49 |   272 |   170 ||   491
       Rpst.: Falchion   |    33 |    43 |    71 |    39 ||   186
